 Dungeon Crawl Stone Soup version coffee-0.2.0 (webtiles) character file.

Game seed: 6419010634870752001, levelgen mode: deterministic

13666 Dorkslayer the Carver (level 12, -7/89 HPs)
             Began as a Human Fighter on Sept 23, 2020.
             Was a Priest of the Shining One.
             Mangled by a black draconian knight
             ... wielding a +0 great sword
              (10 damage)
             ... on level 10 of the Dungeon.
             The game lasted 00:42:30 (8647 turns).

Dorkslayer the Carver (Human Fighter)               Turns: 8647, Time: 00:42:31

Health: -7/89      AC: 29    Str: 20    XL:     12   Next: 35%
Magic:  18/18      EV: 14    Int: 10    God:    the Shining One [***...]
Gold:   578        SH: 15    Dex: 20    Spells: 11/11 levels left

rFire    . . .     SeeInvis +   a - +0 long sword
rCold    . . .     Gourm    .   g - +2 kite shield
rNeg     + . .     Faith    .   d - +10 plate armour of the Ditch-Digger {Dex+3 Stlth+}
rPois    .         Spirit   .   q - +1 hat {SInv}
rElec    .         Reflect  .   o - +0 cloak (curse)
rCorr    .         Harm     .   h - +0 pair of gloves
MR       .....                  w - +0 pair of boots
Stlth    +.........             (no amulet)
HPRegen  0.24/turn              l - +4 ring of evasion
MPRegen  0.16/turn              I - +4 ring of dexterity

@: glowing
A: no striking features
a: Divine Shield, Renounce Religion


You were on level 10 of the Dungeon.
You worshipped the Shining One.
The Shining One was most pleased with you.
You were not hungry.

You visited 2 branches of the dungeon, and saw 11 of its levels.

You collected 578 gold pieces.

Inventory:

Hand Weapons
 a - a +0 long sword (weapon)
Missiles
 s - 15 boomerangs (quivered)
 u - 3 throwing nets
Armour
 d - the +10 plate armour of the Ditch-Digger (worn) {Dex+3 Stlth+}
   (You acquired it on level 10 of the Dungeon)

   It affects your dexterity (+3).
   It makes you more stealthy.
 g - a +2 kite shield (worn)
 h - a +0 pair of gloves (worn)
 o - a cursed +0 cloak (worn)
 q - a +1 hat of see invisible (worn)
 w - a +0 pair of boots (worn)
Jewellery
 c - an uncursed ring of fire
 l - a +4 ring of evasion (left hand)
 E - an uncursed ring of resist corrosion
 G - an uncursed ring of protection from fire
 I - a +4 ring of dexterity (right hand)
Wands
 L - a wand of enslavement (6)
Scrolls
 i - 2 scrolls of holy word
 j - 2 scrolls of silence
 m - 3 scrolls of magic mapping
 n - 8 scrolls of amnesia
 p - 4 scrolls of enchant weapon
 r - 8 scrolls of teleportation
 v - 2 scrolls of brand weapon
 x - 13 scrolls of remove curse
 A - a scroll of fog
 D - 2 scrolls of enchant armour
Potions
 b - a potion of haste
 e - 2 potions of brilliance
 k - 8 potions of curing
 z - a potion of resistance
 B - 2 potions of magic
 F - a potion of stabbing
Miscellaneous
 y - a phial of floods (inert)
 C - a lamp of fire (inert)
Comestibles
 f - 19 rations
 J - 36 chunks of flesh


   Skills:
 + Level 6.7(9.8) Fighting
 + Level 10.3 Long Blades
 + Level 3.2 Throwing
 + Level 6.5(9.7) Armour
 + Level 1.6(8.4) Dodging
 + Level 8.7(10.6) Shields
 * Level 8.0(9.7) Invocations
 * Level 7.9(9.2) Evocations


You had 11 spell levels left.
You didn't know any spells.
Your spell library contained the following spells:

 Spells                   Type           Power        Failure   Level  Hunger
 Magic Dart               Conj           #...         99%         1    None
 Summon Small Mammal      Summ           #...         99%         1    None
 Call Imp                 Summ           #.......     100%        2    ##.....
 Searing Ray              Conj           #.....       100%        2    ##.....
 Call Canine Familiar     Summ           #.......     100%        3    ###....
 Dazzling Flash           Conj/Hex       #.....       100%        3    ###....
 Summon Guardian Golem    Hex/Summ       #.......     100%        3    ###....
 Fulminant Prism          Conj/Hex       #.........   100%        4    ####...
 Iskenderun's Mystic Bla  Conj/Tloc      #.......     100%        4    ####...
 Summon Ice Beast         Ice/Summ       ##......     100%        4    ####...
 Summon Lightning Spire   Summ/Air       #.......     100%        4    ####...
 Bolt of Magma            Conj/Fire/Erth #.........   100%        5    ######.
 Iskenderun's Battlesphe  Conj/Chrm      #.......     100%        5    ######.
 Iron Shot                Conj/Erth      #.........   100%        6    #######
 Orb of Destruction       Conj           #.........   100%        7    #######
 Spellforged Servitor     Conj/Summ      #.........   100%        7    #######


Dungeon Overview and Level Annotations

Branches:
Dungeon (10/10)            Temple (1/1) D:2
    Zot: D:10

Altars:
Ashenzari
Cheibriados
Dithmenos
Elyvilon
Fedhas
Gozag
Kikubaaqudgha
Makhleb
Nemelex Xobeh
Okawaru
Qazlal
Ru
Sif Muna
Uskayaw
Vehumet
Wu Jian
Xom
Yredelemnul
Zin
The Shining One

Shops:
D:2 :


Message History

The bolt of cold hits you!!
* * * LOW HITPOINT WARNING * * *
You hit the black draconian knight but do no damage.
The black draconian knight is moderately wounded.
You block the black draconian knight's attack.
You hit the black draconian knight but do no damage.
The black draconian knight is moderately wounded.
You hit the black draconian knight but do no damage.
The black draconian knight is moderately wounded.
The black draconian knight misses you.
You hit the black draconian knight but do no damage.
The black draconian knight is moderately wounded.
The black draconian knight hits you with a +0 great sword!!
* * * LOW HITPOINT WARNING * * *
You hit the black draconian knight but do no damage.
The black draconian knight is moderately wounded.
You completely miss the black draconian knight.
The black draconian knight is moderately wounded.
The black draconian knight hits you with a +0 great sword!
You die...

................#
.....#..........###
.....###..........###
##...#
##...........###
##..#
##............###
#... ##.............#
.... ##..........###
##.....q...###
...........@.###
#............#
##.......##..#
##.....###..#
#.....## ##..# #....#
##.# #.... .. #..


You could see a black draconian knight.

Vanquished Creatures
  Harold (D:8)
  2 two-headed ogres (D:10)
  The ghost of aegolden the Basher, a novice GrFi of Qazlal (D:10)
  2 unseen horrors (D:10)
  A cyclops (D:7)
  Maurice (D:9)
  Joseph (D:9)
  A tengu conjurer (D:10)
  A hornet (D:10)
  Grinder (D:3)
  20 yaks
  2 wyverns
  A hungry ghost (D:9)
  A hornet zombie (D:9)
  An ice beast (D:5)
  3 orc warriors
  3 sky beasts
  A phantom (D:6)
  A black bear (D:8)
  5 ogres
  3 centaurs
  A necrophage (D:9)
  A big kobold (D:9)
  6 bullfrogs
  A gnoll sergeant (D:8)
  A wyvern zombie (D:9)
  An electric eel (D:9)
  3 wights (D:9)
  A howler monkey (D:6)
  2 centaur zombies
  2 crimson imps (D:5)
  Crazy Yiuf (D:7)
  A bullfrog zombie (D:10)
  A hound (D:5)
  9 orc wizards
  4 centaur skeletons
  5 orc priests
  4 jellies
  A bullfrog skeleton (D:6)
  7 worker ants
  A killer bee zombie (D:10)
  A worker ant zombie (D:5)
  Robin (D:3)
  8 gnolls
  5 adders (D:3)
  3 shadow imps
  An adder skeleton (D:4)
  3 worms
  A dart slug (D:3)
  4 leopard geckos
  35 orcs
  8 bats
  3 giant cockroaches
  12 goblins
  16 hobgoblins
  2 quokkas (D:2)
  2 ball pythons (D:1)
  3 frilled lizards
  8 kobolds
  10 rats (D:3)
232 creatures vanquished.

Vanquished Creatures (collateral kills)
  A two-headed ogre (D:8)
  A yellow draconian (D:10)
  Maggie (D:7)
  Prince Ribbit (D:8)
  2 yaks (D:10)
  A centaur (D:8)
  A bullfrog (D:8)
  A gnoll sergeant (D:7)
  A hound (D:7)
  3 gnolls (D:7)
  An orc (D:8)
  2 withered plants (D:7)
16 creatures vanquished.

Vanquished Creatures (others)
  An orc (D:9)
1 creature vanquished.

Grand Total: 249 creatures vanquished

Notes
Turn   | Place    | Note
-------+----------+-------------------------------------------
     0 | D:1      | Dorkslayer the Human Fighter began the quest for the Orb.
     0 | D:1      | Reached XP level 1. HP: 18/18 MP: 1/1
   108 | D:1      | Reached XP level 2. HP: 15/24 MP: 2/2
   323 | D:1      | Reached XP level 3. HP: 29/29 MP: 3/3
   796 | D:2      | Reached skill level 1 in Evocations
   816 | D:2      | Found Rauser's Book Shop.
   850 | D:2      | Found a shattered altar of Ashenzari.
   989 | D:2      | Found a staircase to the Ecumenical Temple.
  1162 | D:3      | Reached XP level 4. HP: 35/35 MP: 4/4
  1296 | D:3      | Noticed Grinder
  1342 | D:3      | Killed Grinder
  1342 | D:3      | Reached skill level 3 in Long Blades
  1342 | D:3      | Reached XP level 5. HP: 23/41 MP: 6/6
  1342 | D:3      | Reached XP level 6. HP: 27/47 MP: 7/7
  1354 | D:3      | Noticed Robin
  1362 | D:3      | Reached skill level 1 in Dodging
  1373 | D:3      | Killed Robin
  1445 | Temple   | Entered the Ecumenical Temple
  1475 | Temple   | Became a worshipper of the Shining One
  1640 | D:3      | Reached skill level 4 in Long Blades
  1812 | D:3      | Reached XP level 7. HP: 52/52 MP: 8/8
  1891 | D:2      | Found a sacrificial altar of Ru.
  2763 | D:4      | Reached * piety under the Shining One
  2923 | D:5      | Entered Level 5 of the Dungeon
  2936 | D:5      | Reached skill level 1 in Invocations
  3078 | D:5      | Reached XP level 8. HP: 60/60 MP: 10/10
  3084 | D:5      | Reached skill level 5 in Long Blades
  3408 | D:5      | Reached skill level 5 in Shields
  3609 | D:6      | Reached skill level 1 in Throwing
  3610 | D:6      | Reached skill level 6 in Long Blades
  3700 | D:6      | Found a glowing silver altar of Zin.
  3994 | D:6      | Found a sparkling altar of Nemelex Xobeh.
  4001 | D:6      | Found a hide-covered altar of Uskayaw.
  4006 | D:6      | Found a burning altar of Makhleb.
  4091 | D:6      | Reached XP level 9. HP: 59/65 MP: 12/12
  4163 | D:6      | Found a blossoming altar of Fedhas.
  4305 | D:7      | Reached ** piety under the Shining One
  4369 | D:7      | Found an ancient bone altar of Kikubaaqudgha.
  4375 | D:7      | Noticed Maggie
  4388 | D:7      | Killed Maggie
  4460 | D:7      | Found a runed translucent door.
  4461 | D:7      | Noticed Crazy Yiuf
  4467 | D:7      | Killed Crazy Yiuf
  4467 | D:7      | Reached skill level 7 in Long Blades
  4785 | D:7      | Noticed a cyclops
  4807 | D:7      | Killed a cyclops
  5321 | D:7      | Found a shimmering altar of Xom.
  5356 | D:7      | Found a shadowy altar of Dithmenos.
  5462 | D:8      | Noticed a two-headed ogre
  5468 | D:8      | Killed a two-headed ogre
  5468 | D:8      | Reached skill level 5 in Evocations
  5468 | D:8      | Reached XP level 10. HP: 64/73 MP: 13/13
  5603 | D:8      | Noticed Prince Ribbit
  5611 | D:8      | Killed Prince Ribbit
  5611 | D:8      | Reached skill level 5 in Invocations
  5722 | D:8      | Noticed Harold
  5764 | D:8      | Killed Harold
  5764 | D:8      | Reached skill level 5 in Fighting
  5764 | D:8      | Reached skill level 8 in Long Blades
  5764 | D:8      | Reached skill level 5 in Armour
  6502 | D:9      | Noticed Joseph
  6527 | D:9      | Killed Joseph
  6695 | D:9      | Reached XP level 11. HP: 39/80 MP: 15/15
  6718 | D:9      | Reached skill level 9 in Long Blades
  7232 | D:9      | Noticed Maurice
  7250 | D:9      | Killed Maurice
  7441 | D:9      | Reached *** piety under the Shining One
  7682 | D:10     | Entered Level 10 of the Dungeon
  7682 | D:10     | Noticed an unseen horror
  7690 | D:10     | Killed an unseen horror
  7704 | D:10     | Found a transporter.
  7704 | D:10     | Noticed aegolden's ghost (novice GrFi)
  7705 | D:10     | Identified the +8 dire flail of Dullness {antimagic, Str+3
                  | Dex+3}
  7705 | D:10     | Noticed a two-headed ogre
  7715 | D:10     | Found a transporter.
  7726 | D:10     | Killed a two-headed ogre
  7740 | D:10     | Noticed a black draconian knight
  7774 | D:10     | Noticed a two-headed ogre
  7781 | D:10     | Killed a two-headed ogre
  7908 | D:10     | Identified the ring "Niaxup" {AC+2 Str+3 Dex+3} (You
                  | acquired it on level 10 of the Dungeon)
  7908 | D:10     | Identified the +10 plate armour of the Ditch-Digger {Dex+3
                  | Stlth+} (You acquired it on level 10 of the Dungeon)
  7961 | D:10     | Killed aegolden's ghost
  7971 | D:10     | Got the ring "Tiutaz" {+Blink rElec rPois Str-4 Dex+4}
  8242 | D:10     | Noticed an unseen horror
  8274 | D:10     | Killed an unseen horror
  8274 | D:10     | Reached XP level 12. HP: 83/89 MP: 17/17
  8472 | D:10     | Reached skill level 10 in Long Blades
  8645 | D:10     | HP: 2/89 [black draconian knight/+0 great sword (18)]
  8647 | D:10     | Mangled by a black draconian knight

Levels and vault maps discovered:
D:1:      lemuel_arrival_muddy, layout_loops_ring
D:2:      minmay_alternating_diamond, layout_basic, lemuel_doored_altar,
          kennysheep_mini_moat, minmay_temple_entry_from_below_a, serial_shops,
          nicolae_shop_behind_doors
D:3:      minmay_bubble_buster, layout_rooms, first_ration, uniq_grinder,
          uniq_robin
D:4:      layout_cave_pools, hangedman_decor_push, kennysheep_minor_cross
D:5:      layout_loops_ring, serial_bayou_crossing
D:6:      layout_basic, lemuel_crystal_altar, grunt_temple_overflow_diamond,
          fedhas_altar_4
D:7:      layout_basic, kiku_gazebo_garden_becter,
          nicolae_overflow_hidden_temple, uniq_crazy_yiuf_cottage, uniq_maggie
D:8:      layout_gridville, uniq_harold, uniq_prince_ribbit1
D:9:      layout_irregular_city, fountainhead, uniq_maurice, uniq_joseph
D:10:     grunt_zot_entry_bicorn, layout_layer_cave, gammafunk_ghost_smash,
          grunt_tengu_nest
Temple:   minmay_temple_bridge_abc

Skill      XL: |  1  2  3  4  5  6  7  8  9 10 11 12 |
---------------+-------------------------------------+-----
Evocations     | 1 2 3 4 5 6 7 |  7.9
Long Blades    | 3 4 6 7 8 9 10 | 10.3
Shields        | 4 5 6 7 8 |  8.7
Dodging        | 1 |  1.6
Invocations    | 1 3 4 6 7 8 |  8.0
Armour         | 4 5 6 |  6.5
Fighting       | 4 5 6 |  6.7
Throwing       | 1 2 3 |  3.2

Action                   |  1- 3 |  4- 6 |  7- 9 | 10-12 || total
-------------------------+-------+-------+-------+-------++-------
Melee: Long sword        |   113 |   130 |   351 |   499 ||  1093
Throw: Boomerang         |       |     9 |    26 |    22 ||    57
Invok: Divine Shield     |       |       |       |     3 ||     3
Evoke: Wand              |       |     3 |     1 |    25 ||    29
       Sack of spiders   |       |       |     2 |       ||     2
       Lamp of fire      |       |       |     1 |     1 ||     2
       Phial of floods   |       |       |       |     1 ||     1
  Use: Potion            |       |       |       |     5 ||     5
       Scroll            |       |       |       |     2 ||     2
 Stab: Sleeping          |     1 |       |       |       ||     1
  Eat: Chunk             |     1 |     3 |     5 |    11 ||    20
       Ration            |       |       |     2 |     1 ||     3
Armor: Scale mail        |    34 |     4 |       |       ||    38
       Chain mail        |       |    44 |    11 |       ||    55
       Plate armour      |       |       |   110 |   144 ||   254
Dodge: Dodged            |    42 |    54 |    97 |   156 ||   349
Block: Kite shield       |    80 |   104 |   199 |   342 ||   725
       Rpst.: Long sword |    16 |     9 |    27 |    63 ||   115
